 Dungeon Crawl Stone Soup version 0.16-a0-3325-g64f94fb (webtiles) character file.

26324 MackTheKnife the Brawler (level 12, -1/119 HPs)
             Began as a Troll Monk on Dec 26, 2014.
             Was the Champion of Cheibriados.
             Slain by an orc warrior
             ... wielding a +4 trident of flaming
              (2 damage)
             ... in a volcano on Dec 27, 2014.
             The game lasted 00:30:59 (11864 turns).

MackTheKnife the Brawler (Troll Monk)              Turns: 11864, Time: 00:31:00

Health: -1/119     AC: 13    Str: 44    XL:     12   Next: 97%
Magic:  22/22      EV: 17    Int: 21    God:    Cheibriados [******]
Gold:   1114       SH:  0    Dex: 36    Spells: 0 memorised, 11 levels left

rFire  . . .     SeeInvis .       - Unarmed
rCold  . . .     Clarity  .     H - +1 robe
rNeg   . . .     SustAb   .     (shield restricted)
rPois  .         Gourm    +     u - +2 hat of the Nine Lies {Str-2 Dex+4}
rElec  .         Spirit   .     z - +2 cloak
rCorr  .         Warding  .     (gloves unavailable)
rMut   +         Stasis   .     (boots unavailable)
MR     .....                    c - amulet of resist mutation
Stlth  ++++......               F - +2 ring of protection
                                m - ring of invisibility

@: mighty, agile, very slightly contaminated, invisible, very slow, not
resistant to hostile enchantments, stealthy
A: unfitting armour, claws 3, talons 1, fast metabolism 3, gourmand,
regeneration 2, shaggy fur 1, tough skin 2
a: Bend Time, Temporal Distortion, Slouch, Step From Time, Renounce Religion,
Turn Visible


You were in a volcano.
You worshipped Cheibriados.
Cheibriados was exalted by your worship.
You were very full.

You visited 3 branches of the dungeon, and saw 14 of its levels.
You also visited: Ossuary, Ice Cave and Volcano.

You collected 1234 gold pieces.
You spent 120 gold pieces at shops.


Innate Abilities, Weirdness & Mutations

You are too large for most types of armour.
You have claws for hands.
Your metabolism is lightning-fast.
You like to eat raw meat.
You heal very quickly.
You are covered in fur (AC +1).
You have very tough skin (AC +2).
You have sharp toenails.


   Skills:
 - Level 8.0 Fighting
 - Level 2.4 Dodging
 - Level 1.1 Stealth
 - Level 15.2 Unarmed Combat
 + Level 2.7 Invocations
 - Level 10.6 Evocations


You had 11 spell levels left.
You didn't know any spells.

Inventory:

Hand weapons
 a - a +3 blowgun
Missiles
 w - 21 poisoned needles
Armour
 u - the +2 hat of the Nine Lies (worn) {Str-2 Dex+4}
   (You acquired it on level 5 of the Dungeon)

   It affects your strength (-2).
   It affects your dexterity (+4).
 y - the cursed +0 large shield "Klo Sulu" {+Blink MR++ SInv Stlth--}
   (You found it on level 5 of the Dungeon)

   It affects your resistance to hostile enchantments.
   It enhances your eyesight.
   It lets you blink.
   It makes you much less stealthy.
   It has a curse placed upon it.
 z - a +2 cloak (worn)
 C - a +0 shield
 H - a +1 robe (worn)
Jewellery
 c - an amulet of resist mutation (around neck)
 m - a ring of invisibility (left claw)
 x - an uncursed ring of positive energy
 F - a +2 ring of protection (right claw)
 M - an uncursed ring of protection from cold
Magical devices
 n - a wand of digging (10)
 q - a wand of digging (7)
 t - a wand of magic darts (37)
 A - a wand of fireball (2)
 U - a wand of draining (6)
Scrolls
 i - 7 scrolls of remove curse
 p - 2 scrolls of recharging
 r - 3 scrolls of amnesia
 E - 4 scrolls of fog
 I - 2 scrolls of holy word
 Q - a scroll of enchant armour
Potions
 e - 2 potions of magic
 g - 5 potions of curing
 h - 3 potions of brilliance
 j - 2 potions of agility
 o - a potion of restore abilities
 G - a potion of resistance
 L - a potion of cure mutation
 O - a potion of invisibility
 R - 2 potions of ambrosia {!q!e}
Books
 k - a book of Transfigurations

   Spells                             Type                      Level
   a - Stoneskin                      Transmutation/Earth          2
   b - Irradiate                      Conjuration/Transmutation    5
   c - Statue Form                    Transmutation/Earth          6
   d - Hydra Form                     Transmutation                6
   e - Dragon Form                    Transmutation                7
Miscellaneous
 P - a stone of tremors
Comestibles
 b - 7 meat rations
 f - 8 bread rations
 l - 2 royal jellies
 s - 5 fruits
 N - 8 beef jerkies

≈≈≈##≈# ≈ ≈≈≈≈#≈≈ ≈≈≈### ≈≈≈ ≈≈#
#≈≈ ≈#≈≈ ####### ≈## +.....+
.8_8. .o. ≈≈≈### #)# #.≈≈##≈≈
#≈≈≈≈##.# #T# #.≈≈≈≈≈≈# ≈≈#≈≈≈..#
#.# #.#≈##≈≈# ≈≈≈≈≈≈≈.# #.#
#.≈≈≈#≈≈≈ ≈≈≈#≈≈≈.# #.# #.#≈≈≈≈≈≈
≈≈≈≈≈≈≈.# #.# #..#≈#≈≈≈ ≈≈b#≈≈#.#
#(# ##≈≈#≈≈#≈
≈≈≈≈≈≈≈.########+########.≈#≈##≈≈
≈≈#≈≈≈...........###.##....##≈...
≈≈≈≈#≈≈≈##≈#≈#.≈≈#≈###≈#≈≈#≈..≈≈≈


You could see an orc warrior.


Message History

Cheibriados appreciates the change of pace.
Read which item? (? for menu, Esc to quit)
Okay, then.
Drink which item? (? for menu, Esc to quit)
You feel much better. Urug completely misses you.
Drink which item? (? for menu, Esc to quit)
You feel agile all of a sudden. Urug barely misses you.
Drink which item? (? for menu, Esc to quit)
You feel very mighty all of a sudden. Urug misses you.
Urug hits you with a glaive of flaming!!
* * * LOW HITPOINT WARNING * * *
Urug burns you.
* * * LOW HITPOINT WARNING * * *
Things that are here:
a trident of flaming; a ring mail of fire resistance You claw Urug! x2
Urug is moderately wounded.
You mangle Urug!! You claw Urug!!
Urug is almost dead.
Urug barely misses you.
You catch the helpless Urug completely off-guard!
You claw Urug!
You kill Urug!
Cheibriados appreciates the change of pace.
The orc warrior hits you from afar with a trident of flaming!
* * * LOW HITPOINT WARNING * * *
The orc warrior burns you.
You die...

Action                   |  1- 3 |  4- 6 |  7- 9 | 10-12 || total
-------------------------+-------+-------+-------+-------++-------
Melee: Unarmed           |   106 |    71 |   255 |   573 ||  1005
 Fire: Blowgun           |       |       |       |     4 ||     4
 Abil: Evoke Invisibilit |       |       |       |     3 ||     3
Evoke: Wand              |       |       |     4 |     4 ||     8
  Use: Scroll            |    12 |     1 |     9 |    20 ||    42
       Potion            |     6 |     1 |     2 |     6 ||    15
 Stab: Sleeping          |     5 |     3 |     6 |     4 ||    18
       Distracted        |       |       |     1 |     3 ||     4
       Invisible         |       |       |       |    24 ||    24
  Eat: Chunk             |    19 |     8 |    24 |    31 ||    82
       Beef jerky        |       |       |     1 |       ||     1
       Bread ration      |       |       |       |     1 ||     1

Vault maps used:
D:1:      dpeg_arrival_shelter
D:2:      nicolae_overflow_hidden_temple
D:3:      baited_tele_trap, uniq_grinder
D:4:      first_bread, uniq_crazy_yiuf_cottage, uniq_natasha, uniq_edmund
D:5:      minmay_temple_entry_grid, serial_shops,
          nicolae_shop_overgrown_old_shop
D:6:      minmay_divided_ellipse
D:7:      grunt_temple_overflow_order_and_chaos_2
D:8:      nicolae_ossuary_entry_monument, grunt_ogre_cave,
          minmay_misc_feat_tiny, lemuel_mausoleum_altar_kikubaaqudgha
D:9:      serial_pond, minmay_pond_fungi_b, minmay_pond_plants_s, spider_trap
D:10:     grunt_dithmenos_smoke, uniq_psyche, uniq_erica
D:11:     dpeg_oklobed_lair
Temple:   oiseaux_autumnal_temple_12
Lair:1:   portal_ice_cave_entry_pillars_02
Lair:2:   enter_volcano_2
Ossuary:  ossuary_due_mausoleum
IceCv:    ice_cave_small_dragons
Volcano:  volcano_lake

Notes
Turn   | Place    | Note
--------------------------------------------------------------
     0 | D:1      | MackTheKnife, the Troll Monk, began the quest for the Orb.
     0 | D:1      | Reached XP level 1. HP: 22/22 MP: 1/1
   116 | D:1      | Reached XP level 2. HP: 25/29 MP: 1/1
   881 | D:2      | Reached skill level 5 in Unarmed Combat
   881 | D:2      | Reached XP level 3. HP: 36/36 MP: 2/2
  1292 | D:2      | Found a blossoming altar of Fedhas.
  1293 | D:2      | Found a bloodstained altar of Trog.
  1706 | D:3      | Noticed Grinder
  1712 | D:3      | Paralysed by Grinder for 5 turns
  2056 | D:3      | Reached XP level 4. HP: 44/44 MP: 2/2
  2101 | D:2      | Found a sparkling altar of Nemelex Xobeh.
  2101 | D:2      | Found a glowing golden altar of the Shining One.
  2103 | D:2      | Found a radiant altar of Vehumet.
  2339 | D:3      | Killed Grinder
  2339 | D:3      | Reached skill level 7 in Unarmed Combat
  2339 | D:3      | Reached XP level 5. HP: 36/50 MP: 2/2
  2354 | D:3      | Reached XP level 6. HP: 44/59 MP: 3/3
  2605 | D:4      | Reached skill level 8 in Unarmed Combat
  2735 | D:4      | Noticed Edmund
  2753 | D:4      | Killed Edmund
  2753 | D:4      | Reached XP level 7. HP: 32/66 MP: 3/3
  2850 | D:4      | Noticed Natasha
  2855 | D:4      | Killed Natasha
  2964 | D:4      | Noticed Crazy Yiuf
  2969 | D:4      | Killed Crazy Yiuf
  2969 | D:4      | Reached skill level 9 in Unarmed Combat
  3346 | D:5      | Entered Level 5 of the Dungeon
  3365 | D:5      | Found Ruaphaku's Assorted Antiques.
  3378 | D:5      | Bought a glowing wooden wand for 96 gold pieces
  3379 | D:5      | Bought a scroll labeled YRUNKEHACO for 24 gold pieces
  3380 | D:5      | Got a spiked hat
  3386 | D:5      | Identified the +2 hat of the Nine Lies {Str-2 Dex+4} (You acquired it on level 5 of the Dungeon)
  3408 | D:5      | Found a staircase to the Ecumenical Temple.
  3418 | Temple   | Entered the Ecumenical Temple
  3444 | Temple   | Became a worshipper of Cheibriados the Contemplative
  3749 | D:5      | Reached skill level 10 in Unarmed Combat
  3751 | D:5      | Reached XP level 8. HP: 65/74 MP: 3/3
  3765 | D:5      | Got a shimmering large shield
  3771 | D:5      | Identified the +0 large shield "Klo Sulu" {+Blink MR++ SInv Stlth--} (You found it on level 5 of the Dungeon)
  4057 | D:5      | Reached skill level 11 in Unarmed Combat
  4059 | D:5      | Gained mutation: You have sharp toenails. [potion of beneficial mutation]
  4395 | D:6      | Acquired Cheibriados' first power
  4729 | D:6      | Reached skill level 12 in Unarmed Combat
  4966 | D:6      | Reached skill level 3 in Fighting
  4966 | D:6      | Reached XP level 9. HP: 80/83 MP: 4/4
  5032 | D:6      | Acquired Cheibriados' second power
  5032 | D:6      | Reached skill level 4 in Fighting
  5430 | D:7      | Found a glowing silver altar of Zin.
  5430 | D:7      | Found a burning altar of Makhleb.
  5431 | D:7      | Noticed an Executioner
  5431 | D:7      | Noticed an angel
  5453 | D:7      | Reached skill level 5 in Fighting
  5785 | D:7      | Reached skill level 6 in Fighting
  6182 | D:8      | Reached skill level 7 in Fighting
  6188 | D:8      | Acquired Cheibriados' third power
  6220 | D:8      | Found an ancient bone altar of Kikubaaqudgha.
  6244 | D:8      | Reached XP level 10. HP: 98/104 MP: 4/4
  6401 | D:8      | Found a sand-covered staircase.
  6409 | Ossuary  | Entered an ossuary
  6526 | Ossuary  | Reached skill level 8 in Fighting
  7491 | D:9      | Reached skill level 13 in Unarmed Combat
  7770 | D:9      | Reached skill level 14 in Unarmed Combat
  7882 | D:9      | Reached XP level 11. HP: 103/111 MP: 4/4
  8158 | D:10     | Entered Level 10 of the Dungeon
  8158 | D:10     | Noticed Erica
  8168 | D:10     | Killed Erica
  8567 | D:10     | Reached skill level 15 in Unarmed Combat
  8654 | D:10     | Noticed Psyche
  8658 | D:10     | Killed Psyche
  8855 | D:10     | Noticed a hill giant
  8863 | D:10     | Killed a hill giant
  8863 | D:10     | Reached skill level 1 in Evocations
  9051 | D:10     | Reached skill level 2 in Evocations
  9081 | D:10     | Found a shadowy altar of Dithmenos.
  9312 | D:11     | Reached skill level 3 in Evocations
  9406 | D:11     | Reached skill level 4 in Evocations
  9611 | D:11     | Noticed a hill giant
  9615 | D:11     | Reached skill level 5 in Evocations
  9617 | D:11     | Killed a hill giant
  9680 | D:11     | Found a staircase to the Lair.
  9847 | D:11     | Reached skill level 6 in Evocations
 10302 | Lair:1   | Entered Level 1 of the Lair of Beasts
 10302 | Lair:1   | Noticed an eight-headed hydra
 10311 | Lair:1   | Found a frozen archway.
 10319 | IceCv    | Entered an ice cave
 10325 | IceCv    | Reached XP level 12. HP: 110/119 MP: 18/18
 10334 | IceCv    | Upgraded the game from 0.16-a0-3308-g116f5c4 to 0.16-a0-3325-g64f94fb
 10383 | IceCv    | Reached skill level 7 in Evocations
 10475 | IceCv    | Noticed an ice statue
 10544 | IceCv    | Noticed an ice statue
 10616 | IceCv    | Killed an ice statue
 10661 | IceCv    | Killed an ice statue
 10705 | IceCv    | Noticed an ice dragon
 10715 | IceCv    | Noticed an ice dragon
 10715 | IceCv    | Killed an ice dragon
 10715 | IceCv    | Reached skill level 8 in Evocations
 10719 | IceCv    | Killed an ice dragon
 10776 | IceCv    | Got a shimmering marble ring
 10781 | IceCv    | Identified the ring of Existentialism {Ice Str+1 Int+1} (You found it in an ice cave)
 11006 | Lair:1   | Noticed a death yak
 11007 | Lair:1   | Reached skill level 9 in Evocations
 11012 | Lair:1   | Noticed a death yak
 11016 | Lair:1   | Noticed a death yak
 11016 | Lair:1   | Noticed a death yak
 11017 | Lair:1   | Noticed a death yak
 11022 | Lair:1   | Noticed a death yak
 11031 | Lair:1   | Killed a death yak
 11036 | Lair:1   | Killed a death yak
 11038 | Lair:1   | Killed a death yak
 11042 | Lair:1   | Killed a death yak
 11042 | Lair:1   | Reached skill level 10 in Evocations
 11046 | Lair:1   | Killed a death yak
 11049 | Lair:1   | Killed a death yak
 11428 | Lair:2   | Reached skill level 1 in Invocations
 11508 | Lair:2   | Found a dark tunnel.
 11564 | Volcano  | Entered a volcano
 11844 | Volcano  | Found a burning altar of Makhleb.
 11844 | Volcano  | Noticed Urug
 11853 | Volcano  | Reached skill level 2 in Invocations
 11854 | Volcano  | HP: 11/119 [orc warrior/trident of flaming (5)]
 11864 | Volcano  | Killed Urug
 11864 | Volcano  | HP: 1/119 [orc warrior/trident of flaming (17)]
 11864 | Volcano  | Slain by an orc warrior

Vanquished Creatures
  2 ice dragons (IceCv)
  6 death yaks (Lair:1)
  Erica (D:10)
  Urug (Volcano)
  2 ice statues (IceCv)
  2 hill giants
  A manticore (D:11)
  Psyche (D:10)
  3 spiny frogs (Lair:1)
  A komodo dragon (Lair:2)
  5 slime creatures (D:11)
  Grinder (D:3)
  3 trolls
  2 blink frogs (Lair:1)
  16 yaks
  A wyvern (Lair:2)
  6 wraiths
  A steam dragon (D:11)
  3 hungry ghosts
  4 wolves (Lair:1)
  5 hippogriffs
  Edmund (D:4)
  2 water moccasins
  6 orc warriors
  A porcupine (Lair:1)
  7 spiders (D:9)
  A yellow wasp (D:9)
  4 ogres
  A black bear (D:6)
  4 sky beasts
  23 ice beasts
  2 phantoms
  7 centaurs
  A crocodile (Lair:2)
  A gnoll sergeant (D:11)
  4 big kobolds
  12 giant frogs
  A wyvern skeleton (D:9)
  A scorpion (D:5)
  A troll zombie (D:8)
  3 electric eels (D:9)
  3 killer bees (D:11)
  22 wights
  2 goliath beetles
  2 centaur zombies
  A giant frog zombie (D:9)
  6 crimson imps
  3 lava snakes (Volcano)
  Crazy Yiuf (D:4)
  A giant frog skeleton (D:5)
  A human skeleton (D:8)
  9 orc wizards
  A centaur skeleton (D:11)
  3 human zombies (D:8)
  6 iguanas
  5 orc priests
  8 hounds
  Natasha (D:4)
  6 worker ants
  5 sheep (Lair:1)
  A hound zombie (D:10)
  2 hound skeletons
  4 mummies
  9 gnolls
  10 adders
  8 river rats (Lair:1)
  2 giant mites
  4 shadow imps
  A worm (D:3)
  An adder zombie (D:6)
  2 giant geckos
  An ooze (D:2)
  33 orcs
  2 ball pythons
  18 bats
  A bat skeleton (D:6)
  6 giant cockroaches
  17 hobgoblins
  6 jackals
  11 quokkas
  A giant gecko zombie (D:7)
  A giant newt (D:6)
  4 gnoll skeletons (Ossuary)
  8 goblins
  21 kobolds
  6 kobold skeletons (Ossuary)
  15 orc skeletons (Ossuary)
  An orc zombie (D:11)
  11 rats
  2 plants (D:11)
445 creatures vanquished.

Vanquished Creatures (others)
  2 butterflies (D:9)
  A plant (D:9)
3 creatures vanquished.

Grand Total: 448 creatures vanquished
